 Dungeon Sprint DCSS version 0.31-a0-1-g4198be8af4 (webtiles) character file.

Game seed: 2074873876914142426

28 sircluck the Ruffian (level 2, -3/31 HPs)
             Began as a Troll Berserker on May 2, 2023.
             Was a Priest of Trog.
             Killed by divine providence
             ... invoked by an orc priest
              (11 damage)
             ... in the Dungeon (Sprint VII: "The Pits").
             The game lasted 00:00:19 (147 turns).

sircluck the Ruffian (Troll Berserker)               Turns: 147, Time: 00:00:19

Health: -3/31      AC:  4    Str: 24    XL:     2   Next: 96%
Magic:  1/1        EV: 10    Int:  3    God:    Trog [***...]
Gold:   0          SH:  0    Dex:  9    Spells: 1/1 levels left

rFire   . .          .
                       - Unarmed
rCold   . . .        (no shield)
rNeg    . . .        a - +0 animal skin
rPois   .            (helmet restricted)
rElec   .            (no cloak)
rCorr   .            (gloves unavailable)
SInv    .            (boots unavailable)
Will    .....        (no amulet)
Stlth   +            (no ring)
HPRegen 1.05/turn    (no ring)
MPRegen 0.07/turn

%: no teleportation
@: no status effects
A: large, unfitting armour, claws 3, regeneration 1, shaggy fur 1, tough skin 1
a: Renounce Religion, Berserk, Trog's Hand


You were in the Dungeon.
You worshipped Trog.
Trog was most pleased with you.
You visited 1 branch

Inventory:

Missiles
 j - 14 stones (quivered)
Armour
 a - a +0 animal skin (worn)
Scrolls
 g - a scroll of blinking
 i - a scroll of summoning
Potions
 b - 6 potions of curing
 c - 6 potions of heal wounds
 d - a potion of haste
 e - 4 potions of magic
 f - 3 potions of berserk rage
 h - 2 potions of invisibility


   Skills:
 + Level 3.6 Fighting
 + Level 3.6 Dodging
 + Level 4.7 Unarmed Combat


You had one spell level left.
You didn't know any spells.
Your spell library was empty.

Dungeon Overview and Level Annotations

Branches:
Dungeon (1/1)

Altars:
Cheibriados
Dithmenos
Elyvilon
Fedhas
Gozag
Hepliaklqana
Makhleb
Nemelex Xobeh
Okawaru
Qazlal
Ru
Sif Muna
Trog
Wu Jian
Xom
Yredelemnul
Zin
The Shining One
Jiyva


Innate Abilities, Weirdness & Mutations

You are too large for most types of armour.
You have claws for hands.
Your natural rate of healing is unusually fast.
You are covered in fur. (AC +1)
You have tough skin. (AC +1)


Message History

No target in view!
There is an open door here.
You open the door.
An ogre, an orc priest and 3 orcs come into view.
The ogre shouts!
The orc shouts!
The orc priest shouts!
The orc shouts!
A bat skeleton comes into view.
A mummy comes into view.
The orc priest looks braver for a moment.
An orc comes into view.
It is wielding a +0 mace. 2 orc priests come into view.
The orc priest shouts!
The orc shouts!
The orc priest shouts!
You hear a shout!
An orc wizard comes into view. It is wielding a +0 dagger.
The orc priest moves out of view.
There is an open door here.
A worm comes into view.
The orc wizard shouts!
The bat skeleton closely misses you. The orc barely misses you.
The ogre hits you with a +0 giant club.
The worm moves out of view.
There are monsters nearby!
You scratch the ogre.
The ogre is lightly wounded.
The bat skeleton hits you but does no damage.
The bat skeleton barely misses you. The bat skeleton hits you.
You claw the ogre!
The ogre is heavily wounded.
The bat skeleton hits you but does no damage. x2
The ogre hits you with a +0 giant club!
The orc priest hits you with a +0 short sword.
The orc barely misses you. The bat skeleton closely misses you.
You are too injured to fight recklessly!
You are too injured to fight recklessly!
The bat skeleton barely misses you. The orc hits you with a +0 whip.
* * * LOW HITPOINT WARNING * * *
An orc priest comes into view. It is wielding a +2 antimagic flail.
There is an open door here.
The bat skeleton attacks as you move away!
The bat skeleton closely misses you. The bat skeleton barely misses you.
The bat skeleton closely misses you.
The orc priest mumbles some strange prayers to Beogh against you.
Beogh smites you!
You die...

#'#####'#####.....
#.#..#).#..##.....
#.#.)'..#))#####'#
#.#..####))##.....
#.#..#..#))##.....
#.#..#..#[[##.....
#.##'#..#'###...<.
#.#....†...##.....
#@#........##.....
#Z###########.....
#oO# ######
#o.oo...#
##o#o#.## .o.M..
#.#.#o# .... ..#
#.# # .+


You could see an ogre, a mummy, 3 orc priests, an orc wizard, 3 orcs and a bat
skeleton.

Vanquished Creatures
  2 gnolls (D)
  2 ball pythons (D)
  A giant cockroach (D)
  A ball python skeleton (D)
  2 ball python zombies (D)
  A frilled lizard (D)
  A kobold (D)
10 creatures vanquished.

Notes
Turn   | Place    | Note
-------+----------+-------------------------------------------
     0 | D        | sircluck the Troll Berserker began the quest for the Orb.
     0 | D        | Reached XP level 1. HP: 22/22 MP: 0/0
    58 | D        | Found a bloodstained altar of Trog.
    58 | D        | Found a shimmering blue altar of Sif Muna.
    58 | D        | Found a viscous altar of Jiyva.
    58 | D        | Found a hazy altar of Hepliaklqana.
    58 | D        | Found an opulent altar of Gozag.
    59 | D        | Found a glowing golden altar of the Shining One.
    59 | D        | Found a glowing silver altar of Zin.
    59 | D        | Found a basalt altar of Yredelemnul.
    59 | D        | Found a shimmering altar of Xom.
    59 | D        | Found an ornate altar of the Wu Jian Council.
    59 | D        | Found a sacrificial altar of Ru.
    59 | D        | Found a stormy altar of Qazlal.
    59 | D        | Found an iron altar of Okawaru.
    59 | D        | Found a sparkling altar of Nemelex Xobeh.
    59 | D        | Found a burning altar of Makhleb.
    59 | D        | Found a blossoming altar of Fedhas.
    59 | D        | Found a white marble altar of Elyvilon.
    59 | D        | Found a shadowy altar of Dithmenos.
    59 | D        | Found a snail-covered altar of Cheibriados.
    70 | D        | Reached XP level 2. HP: 31/31 MP: 1/1
    70 | D        | Reached ** piety under Trog
    71 | D        | Reached skill level 4 in Unarmed Combat
    91 | D        | Reached *** piety under Trog
   141 | D        | Noticed an ogre
   147 | D        | Killed from afar by an orc priest

Illustrated notes

Levels and vault maps discovered:
D:        pitsprint [storerooms_1, entrance_room_1, metal_vault_3, armoury_2,
          mini_pit_1, grid_room_1, main_hall_1, silver_pit, the_coven_1,
          the_vestibule_1, steel_vault_3, golden_pit, hallway_of_sentries,
          crystal_vault_2, iron_vault_4, final_vault]

Skill      XL: |  1  2 |
---------------+-------+-----
Fighting       | 3 |  3.6
Dodging        | 3 |  3.6
Unarmed Combat | 4 |  4.7

Action                     || total
---------------------------++-------
  Melee: Unarmed           ||    23
         Punch             ||     3
 Armour: Animal skin       ||    11
  Dodge: Dodged            ||    24

Table legend: (Time is in decaauts)
 A = Elapsed time spent in this place.
 B = Non-inter-level travel time spent in this place.
 C = Inter-level travel time spent in this place.
 D = Time resting spent in this place.
 E = Time spent auto-exploring this place.
 F = Levels seen in this place.
 G = Mean time per level.
                   A        B        C        D        E       F      G
               +--------+--------+--------+--------+--------+-----+--------+
         Total |    145 |    145 |      0 |      0 |     64 |   1 |  145.0 |
       Dungeon |    145 |    145 |      0 |      0 |     64 |   1 |  145.0 |
               +--------+--------+--------+--------+--------+-----+--------+

Top non-repeatable levels by time:
       D: 145 daAuts
